 Dungeon Sprint DCSS version 0.21.1-1-g345015f (webtiles) character file.

198 Fang the Fighter (level 5, -4/39 HPs)
             Began as a Gargoyle Berserker on June 11, 2018.
             Was an Elder of Trog.
             Slain by a wolf (9 damage)
             ... in the Dungeon (Sprint VII: "The Pits").
             The game lasted 00:01:11 (306 turns).

Fang the Fighter (Gargoyle Berserker)                Turns: 306, Time: 00:01:11

Health: -4/39      AC:  6    Str: 22    XL:     5   Next: 77%
Magic:  5/5        EV: 13    Int:  7    God:    Trog [****..]
Gold:   0          SH:  0    Dex:  9    Spells: 4/4 levels left

rFire    . . .     SeeInvis .   a - +0 hand axe (chop)
rCold    . . .     Gourm    .   (no shield)
rNeg     + . .     Faith    .   b - +0 animal skin
rPois    ∞         Spirit   .   (no helmet)
rElec    +         Reflect  .   (no cloak)
rCorr    .         Harm     .   (no gloves)
MR       .....     NoTele   +   (no boots)
Stlth    +.........             (no amulet)
HPRegen  0.13/turn              (no ring)
MPRegen  0.09/turn              (no ring)

@: berserk cooldown, slowed, very slow
A: negative energy resistance 1, electricity resistance, unbreathing,
petrification resistance, rot immunity, AC +4
a: Berserk, Trog's Hand, Brothers in Arms, Burn Spellbooks, Renounce Religion


You were in the Dungeon.
You worshipped Trog.
Trog was greatly pleased with you.
You were not hungry.

You visited 1 branch

Inventory:

Hand Weapons
 a - a +0 hand axe of chopping (weapon)
 j - a +2 hand axe
Armour
 b - a +0 animal skin (worn)
Scrolls
 i - a scroll of blinking
 l - 3 scrolls of remove curse
 m - a scroll of summoning
Potions
 d - 5 potions of curing
 e - 4 potions of heal wounds
 f - a potion of haste
 g - 4 potions of magic
 h - 3 potions of berserk rage
 k - 2 potions of invisibility
Comestibles
 c - 9 rations


   Skills:
 + Level 8.1 Fighting
 + Level 7.5 Axes
 + Level 4.0 Armour
 + Level 3.6 Dodging


You had 4 spell levels left.
You didn't know any spells.

Dungeon Overview and Level Annotations

Branches:
Dungeon (1/1)

Altars:
Cheibriados
Dithmenos
Elyvilon
Fedhas
Gozag
Hepliaklqana
Makhleb
Nemelex Xobeh
Okawaru
Qazlal
Ru
Sif Muna
Trog
Vehumet
Wu Jian
Xom
Yredelemnul
Zin
The Shining One
Beogh
Jiyva
Lugonu


Innate Abilities, Weirdness & Mutations

You are resistant to torment.
Your stone body is resilient. (AC +4)
You are immune to poison.
You resist negative energy. (rN+)
You are resistant to electric shocks. (rElec)
You can survive without breathing.
You are immune to petrification.
You are immune to rotting.


Message History

You are too injured to fight recklessly!
You are too injured to fight recklessly!
You are too injured to fight recklessly!
You closely miss the wolf.
The wolf is moderately wounded.
The wolf bites you.
* * * LOW HITPOINT WARNING * * *
The wolf misses you. The wolf bites you.
* * * LOW HITPOINT WARNING * * *
Unknown command.
You barely miss the wolf.
The wolf is moderately wounded.
The wolf barely misses you. The wolf closely misses you.
You miss the wolf.
The wolf is moderately wounded.
The wolf bites you.
* * * LOW HITPOINT WARNING * * *
The wolf pauses to sniff the ground.
The wolf bites you!
You die...

#'#####'#####.....
#.#.†#††#..##.....
#.#..'..†..#####'#
#.##'####'###.....
#.#.†).....##.....
#.#........##.....
#.#####'#####...<.
#.#..[)))..##.....
#@#..[))...##.....
#h###########.....
#O{o....# ######
#gW.....#
#...#...# #..##
..# #... g# #....
# #....


You could see a phantom, an ogre, a wolf and a gnoll.

Vanquished Creatures
  A floating eye (D)
  A necrophage (D)
  A gnoll (D)
  2 leopard geckos (D)
  2 giant cockroaches (D)
  A quokka (D)
  2 bats (D)
  A leopard gecko skeleton (D)
11 creatures vanquished.

Notes
Turn   | Place    | Note
-------+----------+-------------------------------------------
     0 | D        | Fang the Gargoyle Berserker began the quest for the Orb.
     0 | D        | Reached XP level 1. HP: 14/14 MP: 1/1
    20 | D        | Found a bloodstained altar of Trog.
    20 | D        | Found a deep blue altar of Sif Muna.
    20 | D        | Found a viscous altar of Jiyva.
    20 | D        | Found a hazy altar of Hepliaklqana.
    20 | D        | Found an opulent altar of Gozag.
    21 | D        | Found a glowing golden altar of the Shining One.
    21 | D        | Found a glowing silver altar of Zin.
    21 | D        | Found a basalt altar of Yredelemnul.
    21 | D        | Found a shimmering altar of Xom.
    21 | D        | Found an ornate altar of the Wu Jian Council.
    21 | D        | Found a sacrificial altar of Ru.
    21 | D        | Found a stormy altar of Qazlal.
    21 | D        | Found an iron altar of Okawaru.
    21 | D        | Found a sparkling altar of Nemelex Xobeh.
    21 | D        | Found a burning altar of Makhleb.
    21 | D        | Found a blossoming altar of Fedhas.
    21 | D        | Found a white marble altar of Elyvilon.
    21 | D        | Found a shadowy altar of Dithmenos.
    21 | D        | Found a snail-covered altar of Cheibriados.
    23 | D        | Found a radiant altar of Vehumet.
    23 | D        | Found a corrupted altar of Lugonu.
    23 | D        | Found a roughly hewn altar of Beogh.
    68 | D        | Noticed a floating eye
    70 | D        | Reached ** piety under Trog
    71 | D        | Paralysed by a floating eye for 3 turns
    75 | D        | Killed a floating eye
    75 | D        | Reached skill level 6 in Fighting
    75 | D        | Reached XP level 2. HP: 23/23 MP: 2/2
    75 | D        | Reached XP level 3. HP: 28/28 MP: 3/3
    75 | D        | Reached XP level 4. HP: 32/32 MP: 4/4
    91 | D        | Reached *** piety under Trog
   277 | D        | Noticed a phantom
   278 | D        | Noticed an ogre
   278 | D        | Noticed a wolf
   279 | D        | Noticed a necrophage
   294 | D        | Killed a necrophage
   294 | D        | Reached **** piety under Trog
   294 | D        | Reached skill level 8 in Fighting
   294 | D        | Reached XP level 5. HP: 7/39 MP: 5/5
   306 | D        | Slain by a wolf

Skill      XL: |  1  2  3  4 |
---------------+-------------+-----
Axes           | 6 7 |  7.5
Fighting       | 6 8 |  8.1
Armour         | 3 4 |  4.0
Dodging        | 2 3 |  3.6

Action                   |  1- 3 |  4- 6 || total
-------------------------+-------+-------++-------
Melee: Hand axe          |    10 |    36 ||    46
Invok: Berserk           |       |     2 ||     2
  Use: Potion            |       |     3 ||     3
Armor: Animal skin       |       |    11 ||    11
Dodge: Dodged            |     6 |    35 ||    41
